 Dungeon Crawl Stone Soup version 0.29.1-12-g30fa7ad0bf (webtiles) character file.

Game seed: 311627076796154363

128 wormed the Blocker (level 5, -3/36 (37) HPs)
             Began as a Gnoll Wanderer on Dec 27, 2022.
             Slain by Jingleheimer's ghost (13 damage)
             ... on level 3 of the Dungeon.
             The game lasted 00:08:12 (3778 turns).

wormed the Blocker (Gnoll Wanderer)                 Turns: 3778, Time: 00:08:12

HP:   -3/36 (37)    AC:  6    Str: 15    XL:     5   Next: 12%
MP:   4/9           EV: 11    Int: 13    God:
Gold: 162           SH:  6    Dex:  9    Spells: 9/10 levels left

rFire   + . .      SeeInvis .   r - +8 trident of Termination {vorpal, Will+ Str+7 Int-3 Dex-3}
rCold   . . .      Faith    .   e - +0 buckler {AC+3}
rNeg    . . .      Spirit   .   i - +0 robe
rPois   .          Reflect  .   (no helmet)
rElec   .          Harm     .   v - +0 cloak
rCorr   .          Rampage  .   (no gloves)
Will    +....                   (no boots)
Stlth   +.........              p - amulet of regeneration
HPRegen 0.92/turn               h - ring of protection from fire
MPRegen 0.11/turn               (no ring)

@: very slightly contaminated, lightly drained
A: fangs 1, strong nose, distributed training
a: no special abilities


You were on level 3 of the Dungeon.
You visited 1 branch of the dungeon, and saw 3 of its levels.

You collected 162 gold pieces.

Inventory:

Hand Weapons
 a - a +0 dagger
 r - the +8 trident of Termination (weapon) {vorpal, Will+ Str+7 Int-3 Dex-3}
   (You took it off a hobgoblin on level 2 of the Dungeon)

   It inflicts extra damage upon your enemies.
   Str:       It affects your strength (+7).
   Int:       It affects your intelligence (-3).
   Dex:       It affects your dexterity (-3).
   Will:      It increases your willpower.
Armour
 e - a +0 buckler of protection (worn)
 i - a +0 robe (worn)
 v - a +0 cloak (worn)
Jewellery
 h - a ring of protection from fire (left hand)
 n - an amulet of magic regeneration
 p - an amulet of regeneration (around neck)
Wands
 t - a wand of quicksilver (9)
 w - a wand of paralysis (8)
Scrolls
 c - a scroll of vulnerability
 j - a scroll of magic mapping {unknown}
 k - 2 scrolls of identify {unknown}
 l - a scroll of enchant weapon {unknown}
 m - 3 scrolls of teleportation {unknown}
 o - a scroll of immolation {unknown}
 q - a scroll of noise {unknown}
 u - a scroll of fear {unknown}
Potions
 d - a potion of mutation {unknown}
 f - a potion of flight
 g - a potion of curing
 s - a potion of attraction {unknown}
Miscellaneous
 b - a piece from Xom's chessboard (14/15)


   Skills:
 + Level 1.4 Fighting
 + Level 1.4 Short Blades
 + Level 1.4 Long Blades
 + Level 1.4 Axes
 + Level 1.4 Maces & Flails
 + Level 1.4 Polearms
 + Level 1.4 Staves
 + Level 1.4 Ranged Weapons
 + Level 1.4 Throwing
 + Level 1.4 Armour
 + Level 1.4 Dodging
 + Level 1.4 Stealth
 + Level 10.5 Shields
 + Level 1.4 Unarmed Combat
 + Level 3.1 Spellcasting
 + Level 1.1 Conjurations
 + Level 1.1 Hexes
 + Level 1.1 Summonings
 + Level 1.1 Necromancy
 + Level 1.1 Translocations
 + Level 1.1 Transmutations
 + Level 3.9 Fire Magic
 + Level 1.1 Ice Magic
 + Level 1.1 Air Magic
 + Level 1.1 Earth Magic
 + Level 1.1 Poison Magic
 + Level 1.6 Invocations
 + Level 4.7 Evocations


You had 9 spell levels left.
You knew the following spells:

 Your Spells              Type           Power      Damage    Failure   Level
a - Foxfire               Conj/Fire      32%        2x1d5     10%         1

Your spell library contained the following spells:

 Spells                   Type           Power      Damage    Failure   Level
 Sting                    Tmut/Pois      20%        1d4       17%         1
 Conjure Flame            Conj/Fire      8%         6-21      28%         3


Dungeon Overview and Level Annotations

Branches:
Dungeon (3/15)

Altars:

Annotations:
D:3 1 transporter, Jingleheimer's ghost, amateur DsFi


Innate Abilities, Weirdness & Mutations

You have very sharp teeth.
Your uncanny sense of smell can sniff out nearby items.
Your experience applies equally to all skills.


Message History

The centaur zombie barely misses you.
You hit Jingleheimer's ghost.
Jingleheimer's ghost is lightly damaged.
The foxfire hits Jingleheimer's ghost.
Jingleheimer's ghost is lightly damaged.
The foxfire hits Jingleheimer's ghost but does no damage.
Jingleheimer's ghost is lightly damaged.
The centaur zombie misses you. The centaur zombie barely misses you.
The bullfrog skeleton closely misses you.
Jingleheimer's ghost hits you!
The bullfrog skeleton hits you but does no damage.
You puncture Jingleheimer's ghost!
Jingleheimer's ghost is moderately damaged.
Jingleheimer's ghost hits you.
The bullfrog skeleton hits you but does no damage.
You barely miss Jingleheimer's ghost.
Jingleheimer's ghost is moderately damaged.
The bullfrog skeleton hits you. The wight barely misses you.
You block Jingleheimer's ghost's attack.
The bullfrog skeleton misses you. Jingleheimer's ghost barely misses you.
The wight hits you with a +3 long sword.
You feel drained.
You make a move on Xom's chessboard...
Jingleheimer's ghost resists with significant effort.
The bullfrog skeleton barely misses you.
Jingleheimer's ghost completely misses you.
The wight closely misses you.
Aiming: Paralyse
Press: ? - help, Shift-Dir - straight line, f - Jingleheimer's ghost
Aim: Jingleheimer's ghost (moderately damaged, chance to affect: 55%) Jingleheimer's ghost resists with significant effort.
The bullfrog skeleton barely misses you.
You block Jingleheimer's ghost's attack.
The wight hits you with a +3 long sword!
* * * LOW HITPOINT WARNING * * *
You feel better. The bullfrog skeleton hits you.
* * * LOW HITPOINT WARNING * * *
The bullfrog skeleton hits you but does no damage.
Jingleheimer's ghost hits you!
You die...

###...##..............)..####.##
#...##........©........##....##
##..##).#############..##......
#..##..#...........#).#......#
##.##..#...........#..........
#####..#).#..##...##..#........##
#..>#.....#..#8...8#..#.)##....#
#...#.#...#..##...##..#...#....#
#...#.##..#.....@.....#.......##
#.....)...#..##zWZ##..#.....#.###
#.........#..#8.Z.8#..#..#.......
#...#.##..#..##...##..#..##..####
#...#.##..#...........#...#...###
#...#.##..#....))$...©#..........
#####.#...#############..........
####............©................
...#..##....................)....


You could see a wight, Jingleheimer's ghost, a centaur zombie and a bullfrog
skeleton.

Vanquished Creatures
  Crazy Yiuf (D:3)
  Robin (D:3)
  An adder (D:2)
  2 worms
  A dart slug (D:2)
  2 ball pythons (D:2)
  4 endoplasms
  A giant cockroach (D:1)
  10 goblins
  7 hobgoblins
  13 jackals (D:1)
  4 quokkas
  4 bats
  6 frilled lizards
  6 kobolds
  A rat (D:2)
64 creatures vanquished.

Vanquished Creatures (others)
  125 foxfires
  3 fungi (D:1)
  7 plants
135 creatures vanquished.

Grand Total: 199 creatures vanquished

Notes
Turn   | Place    | Note
-------+----------+-------------------------------------------
     0 | D:1      | Reached skill level 10 in Shields
     0 | D:1      | wormed the Gnoll Wanderer began the quest for the Orb.
     0 | D:1      | wormed set off with the following items: a +0 dagger, a
                  | piece from Xom's chessboard (15/15), a scroll of
                  | vulnerability, a +0 robe, a +0 buckler of protection; and
                  | the following spell memorised: Foxfire; and the following
                  | spells available to memorise: Conjure Flame.
     0 | D:1      | Reached XP level 1. HP: 13/13 MP: 4/4
   400 | D:1      | Reached XP level 2. HP: 13/19 MP: 5/5
   919 | D:1      | Found a faded altar of an unknown god.
   982 | D:1      | Reached XP level 3. HP: 20/25 MP: 7/7
  1173 | D:1      | Got Plato's Almanac of Contamination
  1447 | D:1      | Reached skill level 1 in Invocations
  2030 | D:2      | Reached skill level 1 in Fighting
  2030 | D:2      | Reached skill level 1 in Short Blades
  2030 | D:2      | Reached skill level 1 in Long Blades
  2030 | D:2      | Reached skill level 1 in Axes
  2030 | D:2      | Reached skill level 1 in Maces & Flails
  2030 | D:2      | Reached skill level 1 in Polearms
  2030 | D:2      | Reached skill level 1 in Staves
  2030 | D:2      | Reached skill level 1 in Ranged Weapons
  2030 | D:2      | Reached skill level 1 in Throwing
  2030 | D:2      | Reached skill level 1 in Armour
  2030 | D:2      | Reached skill level 1 in Dodging
  2030 | D:2      | Reached skill level 1 in Stealth
  2030 | D:2      | Reached skill level 1 in Unarmed Combat
  2257 | D:2      | Identified the +8 trident of Termination {vorpal, Will+
                  | Str+7 Int-3 Dex-3}
  2261 | D:2      | Reached XP level 4. HP: 32/32 MP: 6/8
  2970 | D:3      | Noticed Jingleheimer's ghost (amateur DsFi)
  2970 | D:3      | Found a transporter.
  3032 | D:3      | Noticed Robin
  3116 | D:2      | Reached skill level 1 in Conjurations
  3116 | D:2      | Reached skill level 1 in Hexes
  3116 | D:2      | Reached skill level 1 in Summonings
  3116 | D:2      | Reached skill level 1 in Necromancy
  3116 | D:2      | Reached skill level 1 in Translocations
  3116 | D:2      | Reached skill level 1 in Transmutations
  3116 | D:2      | Reached skill level 1 in Ice Magic
  3116 | D:2      | Reached skill level 1 in Air Magic
  3116 | D:2      | Reached skill level 1 in Earth Magic
  3116 | D:2      | Reached skill level 1 in Poison Magic
  3156 | D:3      | Killed Robin
  3272 | D:3      | Found a transporter.
  3455 | D:3      | Found a runed translucent door.
  3456 | D:3      | Noticed Crazy Yiuf
  3462 | D:3      | Killed Crazy Yiuf
  3463 | D:3      | Reached XP level 5. HP: 34/37 MP: 9/9
  3778 | D:3      | Slain by Jingleheimer's ghost

Illustrated notes

Levels and vault maps discovered:
D:1:      dpeg_arrival_brainrot, layout_loops_ring,
          shapermc_ecumenical_altar_rom_forum, chequers_serial_rivers_micro_d
D:2:      layout_basic, chequers_big_river
D:3:      layout_rooms, gammafunk_ghost_mausoleum, uniq_crazy_yiuf_cottage,
          uniq_robin

Skill      XL: |  1  2  3  4 |
---------------+-------------+-----
Shields        | | 10.5
Invocations    | 1 |  1.6
Fighting       | 1 |  1.4
Short Blades   | 1 |  1.4
Long Blades    | 1 |  1.4
Axes           | 1 |  1.4
Maces & Flails | 1 |  1.4
Polearms       | 1 |  1.4
Staves         | 1 |  1.4
Ranged Weapons | 1 |  1.4
Throwing       | 1 |  1.4
Armour         | 1 |  1.4
Dodging        | 1 |  1.4
Stealth        | 1 |  1.4
Unarmed Combat | 1 |  1.4
Spellcasting   | 3 |  3.1
Conjurations   | 1 |  1.1
Hexes          | 1 |  1.1
Summonings     | 1 |  1.1
Necromancy     | 1 |  1.1
Translocations | 1 |  1.1
Transmutations | 1 |  1.1
Ice Magic      | 1 |  1.1
Air Magic      | 1 |  1.1
Earth Magic    | 1 |  1.1
Poison Magic   | 1 |  1.1
Fire Magic     | |  3.9
Evocations     | |  4.7

Action                   |  1- 3 |  4- 6 || total
-------------------------+-------+-------++-------
Melee: Dagger            |   214 |     2 ||   216
       Bite              |    18 |     1 ||    19
       Trident           |       |    11 ||    11
 Cast: Foxfire           |    30 |    39 ||    69
Evoke: Piece from Xom's  |     1 |     1 ||     2
       Wand              |       |     1 ||     1
  Use: Potion            |     3 |     1 ||     4
 Stab: Sleeping          |       |     1 ||     1
Armor: Scale mail        |   123 |       ||   123
       Robe              |    13 |    14 ||    27
Dodge: Dodged            |   108 |    28 ||   136
Block: Buckler           |    94 |    11 ||   105
